 Dungeon Sprint DCSS version 0.21.1-1-g345015f (webtiles) character file.

442 raistware the Cleaver (level 7, -24/61 HPs)
             Began as a Kobold Berserker on Apr 16, 2018.
             Was a Believer of Trog.
             Shot with an arrow by a centaur warrior (25 damage)
             ... in the Dungeon (Sprint I: "Red Sonja").
             The game lasted 00:02:14 (408 turns).

raistware the Cleaver (Kobold Berserker)             Turns: 408, Time: 00:02:15

Health: -24/61     AC:  3    Str: 22    XL:     7   Next: 23%
Magic:  7/7        EV: 15    Int:  8    God:    Trog [**....]
Gold:   297        SH:  0    Dex: 14    Spells: 6/6 levels left

rFire    . . .     SeeInvis .   a - +0 hand axe
rCold    . . .     Gourm    .   (shield restricted)
rNeg     . . .     Faith    .   k - +0 leather armour
rPois    .         Spirit   .   (no helmet)
rElec    .         Reflect  .   (no cloak)
rCorr    .         Harm     .   (no gloves)
MR       .....     NoTele   +   (no boots)
Stlth    ..........             (no amulet)
HPRegen  0.20/turn              (no ring)
MPRegen  0.10/turn              (no ring)

@: berserking, slow
A: small, carnivore
a: Berserk, Trog's Hand, Burn Spellbooks, Renounce Religion


You were in the Dungeon.
You worshipped Trog.
Trog was pleased with you.
You were not hungry.

You visited 1 branch You collected 297 gold pieces.

Inventory:

Hand Weapons
 a - a +0 hand axe (weapon)
Armour
 k - a +0 leather armour (worn)
Wands
 b - a wand of flame (18)
Scrolls
 i - a scroll of blinking
Potions
 d - a potion of curing
 e - a potion of heal wounds
 f - a potion of haste
 g - 2 potions of magic
 h - a potion of berserk rage
 j - a potion of cancellation {unknown}


   Skills:
 - Level 3.2 Fighting
 * Level 12.1 Axes
 - Level 1.5 Armour
 - Level 2.4 Dodging


You had 6 spell levels left.
You didn't know any spells.

Dungeon Overview and Level Annotations

Branches:
Dungeon (1/1)

Altars:
Cheibriados
Dithmenos
Elyvilon
Fedhas
Gozag
Hepliaklqana
Kikubaaqudgha
Nemelex Xobeh
Okawaru
Qazlal
Ru
Sif Muna
Trog
Uskayaw
Vehumet
Wu Jian
Yredelemnul
Zin
The Shining One

Shops:
D *


Innate Abilities, Weirdness & Mutations

You are small and have problems with some larger weapons.
You are carnivorous and can eat meat at any time.


Message History

Found a runed robe.
The centaur warrior shouts! x2
The centaur warrior wields a shortbow.
The centaur warrior shoots an arrow.
The arrow hits you!
You hear a splash.
The centaur warrior wields a longbow.
The centaur warrior shoots an arrow.
The arrow closely misses you.
You hear a splash.
The centaur warrior shoots an arrow.
The arrow hits you!
* * * LOW HITPOINT WARNING * * *
You hear a splash.
You see here 2 arrows.
A red film seems to cover your vision as you go berserk!
You feel yourself moving faster!
You feel mighty!
You feel a lot more hungry.
The centaur warrior shoots an arrow.
The arrow closely misses you.
The centaur warrior shoots an arrow.
The arrow hits you!
* * * LOW HITPOINT WARNING * * *
You hear a splash.
The centaur warrior shoots an arrow.
The arrow hits you!!
You die...

##############
.#.[').#.)'..#
.'..#..'..#..+
.#####'#####'# ###
.####..#...#[####§§#
.#__####..##.#(§§§c#
.#_____##'#_.'§§@§§+
⌠#_.∩...'..._#≈§§§c#
##_..__##_.#+##+####
#_____###+# #######


You could see 2 centaur warriors.

Vanquished Creatures
  Sigmund (D)
  A yak (D)
  An ogre (D)
  A jelly (D)
  Ijyb (D)
5 creatures vanquished.

Notes
Turn   | Place    | Note
-------+----------+-------------------------------------------
     0 | D        | raistware the Kobold Berserker began the quest for the Orb.
     0 | D        | Reached XP level 1. HP: 14/14 MP: 1/1
     3 | D        | Noticed Ijyb
    11 | D        | Killed Ijyb
    11 | D        | Reached skill level 5 in Axes
    11 | D        | Reached XP level 2. HP: 16/19 MP: 2/2
    11 | D        | Reached XP level 3. HP: 20/23 MP: 3/3
   122 | D        | Noticed an ogre
   128 | D        | Killed an ogre
   128 | D        | Reached skill level 8 in Axes
   128 | D        | Reached XP level 4. HP: 25/28 MP: 4/4
   128 | D        | Reached XP level 5. HP: 29/32 MP: 5/5
   242 | D        | Noticed Sigmund
   247 | D        | Killed Sigmund
   247 | D        | Reached ** piety under Trog
   247 | D        | Reached skill level 10 in Axes
   247 | D        | Reached XP level 6. HP: 37/37 MP: 6/6
   299 | D        | Found a deep blue altar of Sif Muna.
   300 | D        | Found an ornate altar of the Wu Jian Council.
   301 | D        | Found a radiant altar of Vehumet.
   304 | D        | Reached skill level 11 in Axes
   345 | D        | Found Taob's General Store.
   345 | D        | Found an ancient bone altar of Kikubaaqudgha.
   345 | D        | Found a hazy altar of Hepliaklqana.
   345 | D        | Found a hide-covered altar of Uskayaw.
   345 | D        | Found a basalt altar of Yredelemnul.
   345 | D        | Found an opulent altar of Gozag.
   345 | D        | Found a snail-covered altar of Cheibriados.
   345 | D        | Found a sacrificial altar of Ru.
   345 | D        | Found a shadowy altar of Dithmenos.
   345 | D        | Noticed a yak
   353 | D        | Killed a yak
   353 | D        | Reached skill level 12 in Axes
   353 | D        | Reached XP level 7. HP: 41/41 MP: 7/7
   354 | D        | Found a stormy altar of Qazlal.
   354 | D        | Found a blossoming altar of Fedhas.
   354 | D        | Found a bloodstained altar of Trog.
   354 | D        | Found an iron altar of Okawaru.
   354 | D        | Found a glowing golden altar of the Shining One.
   354 | D        | Found a glowing silver altar of Zin.
   354 | D        | Found a white marble altar of Elyvilon.
   355 | D        | Found a sparkling altar of Nemelex Xobeh.
   403 | D        | Noticed a centaur warrior
   403 | D        | Noticed a centaur warrior
   408 | D        | HP: 1/61 [centaur warrior/arrow (9)]
   408 | D        | Shot with an arrow by a centaur warrior

Skill      XL: |  1  2  3  4  5  6 |
---------------+-------------------+-----
Axes           | 5 8 10 12 | 12.1
Fighting       | |  3.2
Armour         | |  1.5
Dodging        | |  2.4

Action                   |  1- 3 |  4- 6 |  7- 9 || total
-------------------------+-------+-------+-------++-------
Melee: Hand axe          |    12 |    13 |       ||    25
Invok: Berserk           |     2 |     3 |     1 ||     6
  Eat: Chunk             |     2 |       |       ||     2
       Ration            |       |       |     1 ||     1
Dodge: Dodged            |     4 |     3 |     2 ||     9
